 Dungeon Crawl Stone Soup version 0.24-a0-434-gd57e52fea8 (webtiles) character file.

Game seed: 8224948081393989638

127 Azzok the Shield-Bearer (level 5, -2/41 HPs)
             Began as a Formicid Fighter on June 15, 2019.
             Slain by Sigmund
             ... wielding a +0 scythe
              (8 damage)
             ... on level 2 of the Dungeon.
             The game lasted 00:01:26 (1314 turns).

Azzok the Shield-Bearer (Formicid Fighter)          Turns: 1314, Time: 00:01:27

Health: -2/41      AC:  6    Str: 30    XL:     5   Next: 33%
Magic:  5/5        EV:  8    Int:  7    God:
Gold:   82         SH: 11    Dex: 10    Spells: 4/4 levels left

rFire    . . .     SeeInvis +   a - +0 war axe
rCold    . . .     Gourm    .   c - +0 shield
rNeg     . . .     Faith    .   b - +0 scale mail
rPois    .         Spirit   .   (helmet unavailable)
rElec    .         Reflect  .   (no cloak)
rCorr    .         Harm     .   (no gloves)
MR       .....                  (no boots)
Stlth    ..........             (no amulet)
HPRegen  0.13/turn              e - +3 ring of strength
MPRegen  0.09/turn              (no ring)

@: mighty
A: permanent stasis, dig shafts and tunnels, four strong arms, antennae 3
a: Dig, Shaft Self


You were on level 2 of the Dungeon.
You were not hungry.

You visited 1 branch of the dungeon, and saw 2 of its levels.

You collected 82 gold pieces.

Inventory:

Hand Weapons
 a - a +0 war axe (weapon)
Armour
 b - a +0 scale mail (worn)
 c - a +0 shield (worn)
Jewellery
 e - a +3 ring of strength (left hand)
Scrolls
 h - a scroll of remove curse {unknown}
 i - a scroll of enchant armour {unknown}
 j - a scroll of fog {unknown}
Potions
 k - 2 potions of heal wounds {unknown}
 l - 2 potions of agility {unknown}
 m - a potion of ambrosia {unknown}
Comestibles
 f - 3 rations
 g - a chunk of flesh


   Skills:
 - Level 3.2 Fighting
 + Level 3.9 Axes
 - Level 3.2 Armour
 + Level 5.4 Shields


You had 4 spell levels left.
You didn't know any spells.
Your spell library was empty.

Dungeon Overview and Level Annotations

Branches:
Dungeon (2/15)

Altars:

Annotations:
D:2 Sigmund


Innate Abilities, Weirdness & Mutations

You cannot be hasted, slowed, berserked, paralysed or teleported.
You can dig through walls and to a lower floor.
Your four strong arms can wield two-handed weapons with a shield.
You have a pair of large antennae on your head. (SInv)


Message History

You see here a +0 club.
Sigmund the Dreaded comes into view.
He is wielding a +0 scythe and carrying a wand of polymorph (7).
Sigmund shouts!
You see here a dark potion.
Sigmund casts a spell.
Sigmund flickers and vanishes for a moment.
You barely miss Sigmund. Sigmund hits you with a +0 scythe!
You slash Sigmund!
Sigmund is moderately wounded.
Sigmund hits you with a +0 scythe!
You barely miss Sigmund.
Sigmund is moderately wounded.
Sigmund hits you with a +0 scythe.
You hit Sigmund.
Sigmund is moderately wounded.
Sigmund hits you with a +0 scythe!
* * * LOW HITPOINT WARNING * * *
You feel very mighty all of a sudden. Sigmund hits you with a +0 scythe!
You die...

▒·▒·▒ ▒▒▒▒▒▒▒▒▒
▒·▒·▒ ▒·······▒
▒▒▒·▒·▒ ▒·····▒·▒
··▒·▒·▒ ▒·····▒·▒
▒·▒·▒·▒ ▒·····▒·▒
▒·▒·▒·▒ ▒·····▒·▒
▒·▒·▒·▒▒▒▒▒·▒▒▒·▒
▒@▒···)·····▒▒▒·▒▒
▒@▒▒▒·········▒·▒·
▒!▒▒·▒········▒·▒·
▒····▒·▒▒▒▒▒▒·▒·▒·
▒▒▒▒·▒·▒······▒·▒·
▒·▒··········>·
▒·▒▒▒·▒▒▒▒·▒▒·· ▒·▒
▒ ▒··▒·▒··· ▒··
▒········
▒▒▒▒▒▒▒▒▒▒▒▒·▒▒▒▒▒··


You could see Sigmund (invisible).

Vanquished Creatures
  An iguana (D:2)
  Jessica (D:2)
  4 adders (D:2)
  A leopard gecko (D:2)
  7 bats
  4 goblins
  5 hobgoblins
  4 jackals
  A ball python (D:2)
  3 frilled lizards (D:1)
  2 kobolds
  6 rats
39 creatures vanquished.

Notes
Turn   | Place    | Note
-------+----------+-------------------------------------------
     0 | D:1      | Azzok the Formicid Fighter began the quest for the Orb.
     0 | D:1      | Reached XP level 1. HP: 18/18 MP: 1/1
   253 | D:1      | Reached XP level 2. HP: 22/24 MP: 2/2
   319 | D:1      | Reached skill level 4 in Shields
   670 | D:1      | Reached XP level 3. HP: 29/29 MP: 3/3
   782 | D:2      | Noticed Jessica
   788 | D:2      | Killed Jessica
   788 | D:2      | Reached XP level 4. HP: 33/35 MP: 4/4
   797 | D:2      | Reached skill level 5 in Shields
   930 | D:2      | Reached XP level 5. HP: 37/41 MP: 5/5
  1307 | D:2      | Noticed Sigmund
  1314 | D:2      | Slain by Sigmund

Levels and vault maps discovered:
D:1:      giann_wishing_wells, layout_basic
D:2:      layout_basic, first_ration, uniq_jessica, uniq_sigmund

Skill      XL: |  1  2  3  4 |
---------------+-------------+-----
Shields        | 4 5 |  5.4
Axes           | 3 |  3.9
Fighting       | |  3.2
Armour         | |  3.2

Action                   |  1- 3 |  4- 6 || total
-------------------------+-------+-------++-------
Melee: War axe           |    71 |    55 ||   126
  Use: Potion            |       |     1 ||     1
  Eat: Chunk             |       |     2 ||     2
Armor: Scale mail        |    31 |    19 ||    50
Dodge: Dodged            |    21 |    21 ||    42
Block: Shield            |    46 |    27 ||    73

Table legend:
 A = Non-vault XP
 B = Vault XP
 C = Vault XP percentage of total XP
 D = Non-vault monster count
 E = Vault monster count
 F = Vault count percentage of total count
                 A         B        C        D         E       F
            +---------+---------+-------+---------+---------+-------
      Total |     145 |      37 |  20.3 |      38 |       1 |   2.6
            +---------+---------+-------+---------+---------+-------
        D:1 |      33 |       0 |   0.0 |      22 |       0 |   0.0
        D:2 |     112 |      37 |  24.8 |      16 |       1 |   5.9
            +---------+---------+-------+---------+---------+-------
